 Dungeon Crawl Stone Soup version 0.27.1-4-g1640c2035a (webtiles) character file.

Game seed: 14965035770858218877

17395 raph the Severer (level 12, -7/106 HPs)
             Began as a Hill Orc Fighter on Nov 4, 2021.
             Was a High Priest of Okawaru.
             Killed from afar by a bog body (30 damage)
             ... with a bolt of cold
             ... on level 3 of the Lair of Beasts.
             The game lasted 00:24:44 (12217 turns).

raph the Severer (Hill Orc Fighter)                Turns: 12217, Time: 00:24:45

Health: -7/106     AC: 21    Str: 20    XL:     12   Next: 47%
Magic:  19/19      EV:  8    Int:  8    God:    Okawaru [*****.]
Gold:   774        SH:  0    Dex: 14    Spells: 11/11 levels left

rFire    + . .     SeeInvis .   a - +1 battleaxe (drain)
rCold    . . .     Faith    .   (shield currently unavailable)
rNeg     . . .     Spirit   .   C - +0 plate armour
rPois    .         Reflect  .   t - +1 helmet
rElec    .         Harm     .   (no cloak)
rCorr    .         Rampage  +   A - +0 pair of gloves
Will     .....                  J - +2 pair of boots {rampage}
Stlth    ..........             l - amulet of regeneration
HPRegen  1.27/turn              u - ring of protection from fire
MPRegen  0.16/turn              (no ring)

@: no status effects
A: no striking features
a: Renounce Religion, Heroism, Finesse


You were on level 3 of the Lair of Beasts.
You worshipped Okawaru.
Okawaru was extremely pleased with you.
You visited 4 branches of the dungeon, and saw 15 of its levels.

You collected 774 gold pieces.

Inventory:

Hand Weapons
 a - a +1 battleaxe of draining (weapon)
 b - a +2 shortbow of flaming
 c - a +0 shortbow
 v - a +0 war axe
 w - a +2 eveningstar of protection
 E - a +4 broad axe of freezing
Missiles
 g - 87 poisoned darts (quivered)
 x - 2 throwing nets
 F - 107 arrows
Armour
 o - a +1 pair of boots
 t - a +1 helmet (worn)
 A - a +0 pair of gloves (worn)
 C - a +0 plate armour (worn)
 J - a +2 pair of boots of rampaging (worn)
Jewellery
 i - a ring of fire
 l - an amulet of regeneration (around neck)
 n - an amulet of magic regeneration
 u - a ring of protection from fire (left hand)
Wands
 e - a wand of charming (12)
 j - a wand of flame (17)
 p - a wand of polymorph (4)
 s - a wand of iceblast (12)
Scrolls
 r - 4 scrolls of teleportation
 y - a scroll of magic mapping
 z - 2 scrolls of brand weapon
 B - a scroll of fog
 G - 2 scrolls of identify
Potions
 d - 3 potions of flight
 f - 4 potions of heal wounds
 h - 9 potions of curing
 k - 2 potions of brilliance
 m - a potion of mutation
 D - a potion of lignification
 H - 2 potions of attraction
 I - a potion of might


   Skills:
 + Level 10.0 Fighting
 * Level 17.6 Axes
 + Level 9.2 Armour
 - Level 3.7 Dodging
 - Level 3.2 Shields
 + Level 9.5 Invocations


You had 11 spell levels left.
You didn't know any spells.
Your spell library contained the following spells:

 Spells                   Type           Power      Damage    Failure   Level
 Sublimation of Blood     Necr           0%         N/A       100%        2
 Wereblood                Tmut           0%         N/A       100%        2
 Conjure Flame            Conj/Fire      0%         6-21      100%        3
 Ignite Poison            Fire/Tmut/Pois 0%         N/A       100%        3
 Hailstorm                Conj/Ice       0%         3d3       100%        4
 Ice Form                 Ice/Tmut       0%         N/A       100%        4
 Petrify                  Tmut/Erth      0%         N/A       100%        4
 Sticky Flame             Conj/Fire      0%         2d3       100%        4
 Irradiate                Conj/Tmut      0%         3d13      100%        5
 Dispersal                Tloc           0%         N/A       100%        6
 Simulacrum               Ice/Necr       0%         N/A       100%        6
 Summon Hydra             Summ           0%         N/A       100%        7
 Disjunction              Tloc           0%         N/A       100%        8


Dungeon Overview and Level Annotations

Branches:
Dungeon (10/15)            Temple (1/1) D:4            Lair (3/6) D:10
  Snake (1/4) Lair:2          Orc (0/2) D:10
  Swamp: Lair:2-4    Shoals: Lair:2-4

Altars:
Ashenzari
Cheibriados
Dithmenos
Elyvilon
Fedhas
Gozag
Hepliaklqana
Kikubaaqudgha
Makhleb
Nemelex Xobeh
Okawaru
Qazlal
Ru
Sif Muna
Trog
Uskayaw
Wu Jian
Xom
Yredelemnul
The Shining One

Annotations:
D:9 3 runed translucent doors, sektant's ghost, journeyman OgIE
D:10 2 runed translucent doors


Message History

The yak barely misses you. x2
You slice the yak!!
You kill the yak!
Okawaru accepts your kill.
You slash the yak! You hit the yak. You drain the yak.
The yak gores you but does no damage. The yak gores you.
You slice the yak!! You drain the yak.
You kill the yak!
Okawaru accepts your kill.
You completely miss the yak. The yak gores you but does no damage.
You barely miss the yak.
The yak is moderately wounded.
You hit the yak. The yak gores you but does no damage.
You slice the yak!!
The yak is almost dead.
You hit the yak. You drain the yak. You slash the bog body!
The yak gores you but does no damage. The bog body touches you.
The bog body freezes you!! The yak gores you but does no damage.
You slash the yak!
You kill the yak!
Okawaru accepts your kill.
You hit the yak. You drain the yak. You completely miss the bog body.
The yak gores you!
You hit the yak but do no damage. You drain the yak.
The yak is heavily wounded.
You hit the bog body. The bog body touches you. The bog body freezes you!
The bog body gestures at you while chanting.
The bolt of cold hits you!!
* * * LOW HITPOINT WARNING * * *
The yak gores you but does no damage.
You are too injured to fight recklessly!
You are too injured to fight recklessly!
You are too injured to fight recklessly!
Unknown command.
The bog body casts a spell at you. You resist with significant effort.
There is a stone staircase leading up here.
The bog body gestures at you while chanting.
The bolt of cold hits you!!
You die...

##### ########## ##
#.#.####.##..#.P##.####
.......................
>.....................
.................##.##
#.....##.##.#........##.
#.....###.###............
.......#...!............#
......##...##...@##.....
......##...##...n###..# .
#.....#....##....#.#.#####..
#.....####.#....Y...........
#.....P###.....)............
..........................<.
....................††......
.....................†......
............................


You could see a bog body and a yak (drained).

Vanquished Creatures
  A quicksilver ooze (Lair:1)
  2 catoblepae
  A hydra (Lair:2)
  An elephant (Lair:2)
  A black mamba (Lair:2)
  An unseen horror (D:9)
  2 rime drakes
  3 cane toads
  6 komodo dragons
  A polar bear (Lair:1)
  2 hornets
  Grinder (D:6)
  3 slime creatures (D:9)
  2 spriggans (Lair:2)
  8 yaks
  5 wyverns
  Sigmund (D:4)
  A shadow (D:10)
  A basilisk (Lair:1)
  Menkaure (D:7)
  An acid dragon (D:10)
  Duvessa (D:5)
  7 water moccasins
  4 ice beasts
  3 orc warriors
  2 sky beasts
  A hornet zombie (D:7)
  15 wolves
  5 ogres
  5 centaurs
  A phantom (D:6)
  4 kobold brigands
  Blork the orc (D:6)
  7 bullfrogs
  4 scorpions
  Dowan (D:5)
  A wyvern skeleton (D:7)
  3 wights (D:8)
  4 howler monkeys (D:8)
  A centaur zombie (D:6)
  4 hounds
  4 orc priests
  13 iguanas
  5 orc wizards
  Ijyb (D:4)
  Terence (D:3)
  A hound zombie (D:5)
  A howler monkey zombie (D:6)
  Robin (D:3)
  4 gnolls
  4 adders
  A howler monkey skeleton (D:6)
  A river rat (D:3)
  2 shadow imps
  An adder skeleton (D:4)
  A worm (D:5)
  A dart slug (D:2)
  31 orcs
  8 endoplasms
  3 giant cockroaches
  16 goblins
  15 hobgoblins
  4 jackals (D:3)
  4 quokkas
  10 ball pythons
  7 bats
  2 frilled lizards
  28 kobolds
  13 rats
302 creatures vanquished.

Vanquished Creatures (others)
  A butterfly (D:7)
  2 fungi
  53 plants
56 creatures vanquished.

Grand Total: 358 creatures vanquished

Notes
Turn   | Place    | Note
-------+----------+-------------------------------------------
     0 | D:1      | raph the Hill Orc Fighter began the quest for the Orb.
     0 | D:1      | Reached XP level 1. HP: 19/19 MP: 1/1
    24 | D:1      | Reached skill level 3 in Axes
    66 | D:1      | Reached XP level 2. HP: 21/26 MP: 2/2
   316 | D:1      | Reached skill level 4 in Axes
   542 | D:1      | Reached XP level 3. HP: 31/31 MP: 3/3
  1205 | D:2      | Reached skill level 5 in Axes
  1923 | D:3      | Found a glowing golden altar of the Shining One.
  1957 | D:3      | Reached XP level 4. HP: 39/39 MP: 4/4
  2062 | D:3      | Reached skill level 6 in Axes
  2221 | D:3      | Noticed Terence
  2237 | D:3      | Reached XP level 5. HP: 24/45 MP: 5/5
  2241 | D:3      | Killed Terence
  2242 | D:3      | Reached skill level 7 in Axes
  2390 | D:3      | Found a snail-covered altar of Cheibriados.
  2554 | D:3      | Noticed Robin
  2579 | D:3      | Killed Robin
  2765 | D:3      | Found a basalt altar of Yredelemnul.
  2977 | D:3      | Noticed an angel
  2983 | D:3      | Noticed a profane servitor
  3118 | D:4      | Reached skill level 8 in Axes
  3118 | D:4      | Reached XP level 6. HP: 51/51 MP: 6/6
  3210 | D:4      | Noticed a water moccasin
  3227 | D:4      | Killed a water moccasin
  3228 | D:4      | Reached skill level 9 in Axes
  3380 | D:4      | Noticed Ijyb
  3393 | D:4      | Killed Ijyb
  3574 | D:4      | Reached XP level 7. HP: 50/57 MP: 7/7
  3617 | D:4      | Reached skill level 10 in Axes
  3807 | D:4      | Noticed Sigmund
  3830 | D:4      | Killed Sigmund
  3889 | D:4      | Found a staircase to the Ecumenical Temple.
  3897 | Temple   | Entered the Ecumenical Temple
  4111 | Temple   | Became a worshipper of Warmaster Okawaru
  4247 | D:4      | Reached skill level 11 in Axes
  4473 | D:5      | Entered Level 5 of the Dungeon
  4494 | D:5      | Reached XP level 8. HP: 59/64 MP: 8/8
  4651 | D:5      | Reached skill level 12 in Axes
  4712 | D:5      | Noticed Duvessa
  4714 | D:5      | Noticed Dowan
  4729 | D:5      | Killed Duvessa
  4746 | D:5      | Killed Dowan
  4746 | D:5      | Reached * piety under Okawaru
  4998 | D:5      | Reached skill level 13 in Axes
  5249 | D:6      | Reached skill level 1 in Dodging
  5367 | D:6      | Reached XP level 9. HP: 44/72 MP: 9/9
  5592 | D:6      | Noticed Blork the orc
  5880 | D:6      | Killed Blork the orc
  5887 | D:6      | Reached ** piety under Okawaru
  6020 | D:6      | Noticed Grinder
  6027 | D:6      | Killed Grinder
  6028 | D:6      | Reached skill level 5 in Fighting
  6028 | D:6      | Reached skill level 1 in Invocations
  6351 | D:7      | Reached skill level 5 in Armour
  6459 | D:7      | Noticed Menkaure
  6467 | D:7      | Killed Menkaure
  6508 | D:7      | Reached skill level 14 in Axes
  6580 | D:7      | Reached *** piety under Okawaru
  6581 | D:7      | Reached XP level 10. HP: 83/83 MP: 11/13
  6628 | D:7      | Found a white marble altar of Elyvilon.
  7120 | D:8      | Found a bloodstained altar of Trog.
  7145 | D:8      | Found an ornate altar of the Wu Jian Council.
  7765 | D:9      | Found a runed translucent gate.
  7765 | D:9      | Found a runed translucent gate.
  7765 | D:9      | Found a runed translucent gate.
  7786 | D:9      | Noticed sektant's ghost (journeyman OgIE)
  7795 | D:9      | Paralysed by a hornet for 2 turns
  7801 | D:9      | Reached skill level 5 in Invocations
  8021 | D:9      | Found a blossoming altar of Fedhas.
  8025 | D:9      | Found a broken altar of Ashenzari.
  8058 | D:9      | Reached **** piety under Okawaru
  8325 | D:9      | Killed an unseen horror
  8326 | D:9      | Reached skill level 15 in Axes
  8755 | D:10     | Entered Level 10 of the Dungeon
  8813 | D:10     | Found a staircase to the Orcish Mines.
  8983 | D:10     | Paralysed by a hornet for 2 turns
  9282 | D:10     | Found a staircase to the Lair.
  9290 | D:10     | Found a large runed translucent door.
  9293 | D:10     | Found a large runed translucent door.
  9401 | D:10     | Noticed a gargoyle
  9746 | Lair:1   | Entered Level 1 of the Lair of Beasts
  9750 | Lair:1   | Noticed a catoblepas
  9768 | D:10     | Reached XP level 11. HP: 38/93 MP: 12/15
  9933 | Lair:1   | Killed a catoblepas
  9933 | Lair:1   | Reached ***** piety under Okawaru
  9967 | Lair:1   | Noticed a six-headed hydra
  9989 | Lair:1   | Noticed a quicksilver ooze
  9989 | Lair:1   | an eight-headed hydra changed into a quicksilver ooze
  9994 | Lair:1   | Killed a quicksilver ooze
  9994 | Lair:1   | Identified the +1 scale mail of Amorality {rPois} (Okawaru
                  | gifted it to you on level 1 of the Lair of Beasts)
  9994 | Lair:1   | Received a gift from Okawaru
  9995 | Lair:1   | Reached skill level 16 in Axes
 10888 | Lair:2   | Noticed a seven-headed hydra
 11004 | Lair:2   | Reached XP level 12. HP: 66/104 MP: 12/18
 11012 | Lair:2   | Reached skill level 17 in Axes
 11012 | Lair:2   | Noticed a catoblepas
 11031 | Lair:2   | Killed a catoblepas
 11381 | Lair:2   | Killed a seven-headed hydra
 11531 | Lair:2   | Found a shimmering altar of Xom.
 11538 | Lair:2   | Identified the +4 robe of Sloth {rPois rCorr Int+2}
 11599 | Lair:2   | Received a gift from Okawaru
 11620 | Lair:2   | Found a staircase to the Snake Pit.
 11996 | Snake:1  | Entered Level 1 of the Snake Pit
 11996 | Snake:1  | Noticed a naga warrior
 12163 | Lair:3   | Reached skill level 10 in Fighting
 12217 | Lair:3   | Killed from afar by a bog body

Illustrated notes

Levels and vault maps discovered:
D:1:      eino_arrival_water_cross, layout_loops_ring
D:2:      layout_basic
D:3:      layout_loops_ring, grunt_temple_overflow_holy_war,
          mainiacjoe_overflow_boulevard, portal_sewer_entry_e, minivault_25,
          minmay_randomly_rotated_circles, uniq_robin, uniq_terence
D:4:      layout_loops_ring, temple_statues, hangedman_abyss_or_decor_slice,
          grunt_ministairs_5, corexii_item_surrounded_by_moat, uniq_sigmund,
          uniq_ijyb
D:5:      layout_rooms, kennysheep_cross_room, minivault_1, dk_noncrumbling_3,
          uniq_duvessa
D:6:      layout_gridville, chequers_avenue, grunt_ministairs_13, uniq_grinder,
          uniq_blork_the_orc
D:7:      layout_cave_pools, nicolae_elyvilon_peaceful_grove, glass_columns_c,
          uniq_menkaure
D:8:      layout_rooms, overflow_temple_1_default, lemuel_crystal_altar
D:9:      layout_loops_ring, fedhas_altar_1,
          mainiacjoe_overflow_concentric_impassable, gammafunk_ghost_icy,
          hangedman_decor_growths
D:10:     layout_irregular_city, jmf_multi_god_temple2, lair_entry_dummy,
          orc_0_dummy
Temple:   minmay_temple_bridge_abc
Lair:1:   beast_lair_carwin_large_3, layout_big_grid, serial_bayou_pond_a
Lair:2:   wad_woods_stonehenge, layout_chaotic_city, minivault_24
Lair:3:   layout_regular_city, skrybe_swamp_entry_bodies
Snake:1:  layout_rooms, portal_ice_cave_entry_ice_statue_one,
          nicolae_coiled_stairwell_down

Skill      XL: |  1  2  3  4  5  6  7  8  9 10 11 12 |
---------------+-------------------------------------+-----
Axes           | 3 4 5 6 8 9 11 13 14 15 16 17 | 17.6
Fighting       | 4 6 7 9 10 | 10.0
Dodging        | 1 3 |  3.7
Armour         | 4 5 7 8 9 |  9.2
Invocations    | 4 6 8 9 |  9.5
Shields        | |  3.2

Action                   |  1- 3 |  4- 6 |  7- 9 | 10-12 || total
-------------------------+-------+-------+-------+-------++-------
Melee: War axe           |   157 |   170 |    82 |       ||   409
       Battleaxe         |       |       |   173 |   354 ||   527
       Eveningstar       |       |       |       |     1 ||     1
 Fire: Shortbow          |       |       |       |    19 ||    19
Throw: Dart              |       |     6 |     6 |     4 ||    16
Invok: Heroism           |       |       |     2 |     9 ||    11
       Finesse           |       |       |       |     4 ||     4
Evoke: Wand              |       |       |       |     1 ||     1
  Use: Potion            |       |     1 |     2 |     1 ||     4
       Scroll            |       |     7 |    10 |     6 ||    23
 Stab: Petrified         |       |       |       |     2 ||     2
       Petrifying        |       |       |       |     1 ||     1
Armor: Scale mail        |    85 |    91 |    10 |       ||   186
       Chain mail        |       |       |   111 |    55 ||   166
       Plate armour      |       |       |       |   380 ||   380
Dodge: Dodged            |    58 |    70 |    89 |   185 ||   402
Block: Kite shield       |    84 |   107 |    27 |       ||   218
